 Dungeon Crawl Stone Soup version 0.23.0 (webtiles) character file.

Game seed: 10730782762077900920

95 Faca the Shooter (level 4, -7/38 HPs)
             Began as a Centaur Hunter on Feb 13, 2019.
             Mangled by Crazy Yiuf
             ... wielding a +2 quarterstaff of chaos
              (8 damage)
             ... on level 2 of the Dungeon.
             The game lasted 00:03:19 (2071 turns).

Faca the Shooter (Centaur Hunter)                   Turns: 2071, Time: 00:03:19

Health: -7/38      AC:  5    Str: 16    XL:     4   Next: 39%
Magic:  4/4        EV:  9    Int: 10    God:
Gold:   77         SH:  0    Dex:  9    Spells: 3/3 levels left

rFire    . . .     SeeInvis .     - Unarmed
rCold    . . .     Gourm    .   (no shield)
rNeg     . . .     Faith    .   c - +0 leather armour
rPois    .         Spirit   .   (no helmet)
rElec    .         Reflect  .   (no cloak)
rCorr    .         Harm     .   l - +0 pair of gloves
MR       .....                  (no barding)
Stlth    +.........             (no amulet)
HPRegen  0.12/turn              (no ring)
MPRegen  0.09/turn              (no ring)

@: lethally poisoned (-7 -> -11), very quick
A: large, hooves 3, deformed body, speed 2, tough skin 3
a: no special abilities


You were on level 2 of the Dungeon.
You were not hungry.

You visited 1 branch of the dungeon, and saw 2 of its levels.

You collected 77 gold pieces.

Inventory:

Hand Weapons
 a - a +1 shortbow
Missiles
 d - 20 arrows
Armour
 c - a +0 leather armour (worn)
 l - a +0 pair of gloves (worn)
Scrolls
 b - a scroll of teleportation {unknown}
 e - 4 scrolls of identify {unknown}
 g - 2 scrolls of amnesia {unknown}
 i - a scroll of fog {unknown}
 m - a scroll of magic mapping {unknown}
Potions
 h - 2 potions of curing {unknown}
 j - a potion of cancellation {unknown}
Comestibles
 f - 6 rations
 k - a chunk of flesh


   Skills:
 + Level 3.5 Fighting
 - Level 5.4 Bows
 - Level 1.4 Dodging
 - Level 0.4 Stealth
 + Level 2.7 Unarmed Combat


You had 3 spell levels left.
You didn't know any spells.
Your spell library was empty.

Dungeon Overview and Level Annotations

Branches:
Dungeon (2/15)

Altars:
Fedhas

Annotations:
D:2 Crazy Yiuf


Innate Abilities, Weirdness & Mutations

You have hooves in place of feet.
Armour fits poorly on your strangely shaped body.
You cover ground very quickly.
You have extremely tough skin. (AC +3)


Message History

You hit Crazy Yiuf.
Crazy Yiuf is moderately wounded.
Crazy Yiuf barely misses you.
You hit Crazy Yiuf but do no damage. Your kick misses Crazy Yiuf.
Crazy Yiuf is moderately wounded.
You hit Crazy Yiuf but do no damage. You kick Crazy Yiuf.
Crazy Yiuf is heavily wounded.
Crazy Yiuf hits you with a +2 quarterstaff of chaos.
You are poisoned.
You hit Crazy Yiuf but do no damage.
Crazy Yiuf is heavily wounded.
You feel sick.
Crazy Yiuf hits you with a +2 quarterstaff of chaos!
* * * LOW HITPOINT WARNING * * *
You barely miss Crazy Yiuf.
Crazy Yiuf is heavily wounded.
Crazy Yiuf hits you with a +2 quarterstaff of chaos.
* * * LOW HITPOINT WARNING * * *
You are electrocuted!
You die...

#.............#
##.....###.
#.#########.###
##.......##. #.#
#.........## #.#
###.......'. #.#
#.......##
#)###♣♣♣♣♣
#......###
#.#....♣.♣♣♣ ###
#.....##
#.......♣..♣#...#
##...##
#......♣♣♣♣@g...#
##'## ##....♣♣
♣♣#..)# #.######
####♣♣ ###
#.......
##..##### ##...##
##.....# #.....##
####..#
.######..#


You could see Crazy Yiuf.

Vanquished Creatures
  Jessica (D:2)
  An adder (D:2)
  2 dart slugs (D:1)
  4 giant cockroaches (D:2)
  5 goblins
  7 hobgoblins
  11 jackals
  3 kobolds (D:1)
  A quokka (D:2)
  8 bats
  5 rats
  A fungus (D:2)
49 creatures vanquished.

Notes
Turn   | Place    | Note
-------+----------+-------------------------------------------
     0 | D:1      | Faca the Centaur Hunter began the quest for the Orb.
     0 | D:1      | Reached XP level 1. HP: 17/17 MP: 1/1
   272 | D:1      | Reached XP level 2. HP: 16/25 MP: 2/2
   279 | D:1      | Reached skill level 1 in Unarmed Combat
   874 | D:1      | Reached XP level 3. HP: 24/30 MP: 3/3
  1693 | D:2      | Noticed Jessica
  1698 | D:2      | Killed Jessica
  1698 | D:2      | Reached XP level 4. HP: 36/38 MP: 4/4
  1912 | D:2      | Found a blossoming altar of Fedhas.
  2060 | D:2      | Found a runed translucent door.
  2061 | D:2      | Noticed Crazy Yiuf
  2071 | D:2      | HP: 1/38 [Crazy Yiuf/+2 quarterstaff of chaos (6)]
  2071 | D:2      | Mangled by Crazy Yiuf

Skill      XL: |  1  2  3 |
---------------+----------+-----
Unarmed Combat | 1 2 |  2.7
Fighting       | 3 |  3.5
Bows           | |  5.4
Dodging        | |  1.4
Stealth        | |  0.4

Action                   |  1- 3 |  4- 6 || total
-------------------------+-------+-------++-------
Melee: Unarmed           |   164 |    47 ||   211
       Kick              |    30 |     7 ||    37
  Eat: Chunk             |     2 |     1 ||     3
Armor: Leather armour    |    92 |    12 ||   104
Dodge: Dodged            |    84 |    21 ||   105
